Map: Ephemeron LE

Players

Mortlock - Winner!

  • Race: Terran Terran
  • League: Silver
  • Spawn Location: 5:00

A.I. 1 (Hard)

  • Race: Terran Terran
  • Spawn Location: 11:00

VOD

Have the link to the VOD?

Description

Time

  • Played on: Dec. 28, 2019, 8:22 a.m.
  • Length: 15:18
Show
View Real Time Build Order
Export as new Build Order

Mortlock Terran - Winner!

Build Orders:  

Get SALT Encoding   

  12  0:01  SCV  
  13  0:13  SCV  
  14  0:17  Supply Depot  
  14  0:25  SCV  
  15  0:28  Refinery  
  15  0:38  SCV  
  16  0:46  Barracks  
  16  0:52  SCV  
  17  1:04  SCV  
  18  1:16  SCV  
  19  1:32  Orbital Command  
  19  1:34  Barracks Reactor  
  19  1:47  Command Center  
  19  1:56  Supply Depot  
  19  1:58  SCV  
  20  2:08  Factory  
  20  2:10  SCV  
  21  2:22  SCV  
  22  2:23  Marine x2  
  24  2:34  SCV, Refinery  
  25  2:41  Marine x2  
  27  2:46  SCV  
  28  2:53  Factory Tech Lab  
  28  2:55  Supply Depot  
  28  2:57  Starport  
  28  2:58  SCV  
  28  3:02  Marine x2  
  31  3:11  SCV, Orbital Command  
  32  3:23  SCV  
  32  3:25  Siege Tank  
  36  3:33  Starport Reactor  
  36  3:35  SCV  
  37  3:43  Supply Depot  
  37  3:45  Supply Depot  
  37  3:47  Marine x2  
  39  3:49  SCV  
  39  3:51  SCV  
  41  4:01  SCV  
  42  4:03  SCV, Siege Tank  
  42  4:08  Supply Depot  
  42  4:09  Supply Depot  
  46  4:13  Medivac  
  48  4:24  Medivac  
  50  4:26  SCV x2  
  50  4:29  Refinery  
  52  4:31  Refinery  
  52  4:35  Supply Depot  
  52  4:38  SCV x2  
  54  4:39  Marine x2  
  54  4:45  Medivac  
  58  4:50  SCV  
  58  4:51  SCV  
  60  5:02  SCV  
  60  5:04  SCV  
  62  5:14  SCV  
  62  5:16  SCV, Supply Depot  
  62  5:18  Medivac x2  
  62  5:20  Siege Tank  
  71  5:21  Marine x2  
  71  5:26  SCV  
  71  5:28  SCV  
  75  5:32  Barracks  
  75  5:33  Barracks  
  75  5:35  Engineering Bay  
  75  5:38  SCV  
  75  5:42  SCV  
  77  5:44  Marine x2  
  79  5:51  SCV  
  79  5:54  SCV  
  81  6:03  SCV, Marine x2  
  84  6:06  SCV  
  84  6:07  Supply Depot  
  85  6:11  Supply Depot  
  85  6:14  Missile Turret  
  85  6:17  Missile Turret  
  85  6:18  Missile Turret  
  85  6:20  Missile Turret  
  85  6:26  Missile Turret x2  
  85  6:28  SCV x2, Missile Turret  
  85  6:29  Marine x2  
  85  6:30  Barracks Tech Lab x2  
  89  6:37  Barracks x2  
  89  6:38  Siege Tank  
  92  6:44  Medivac x2  
  96  6:48  Supply Depot  
  96  6:50  Supply Depot  
  96  6:53  SCV  
  97  6:55  SCV  
  98  7:23  Refinery, Command Center  
  98  7:25  Stimpack, Combat Shield  
  98  7:28  Refinery, Barracks Reactor x2, Missile Turret  
  98  7:35  SCV  
  98  7:36  SCV  
  100  7:39  Siege Tank, Medivac  
  100  7:40  Medivac  
  107  7:47  SCV  
  107  7:48  SCV  
  109  8:22  Marine  
  109  8:23  Marine x7  
  117  8:32  Supply Depot  
  117  8:35  Supply Depot  
  117  8:40  Marine x3  
  117  8:41  Marine x5  
  125  8:56  Siege Tank  
  125  8:57  Medivac x2  
  125  8:58  Marine x8  
  140  9:06  Orbital Command  
  140  9:16  Marine x8  
  148  9:25  Engineering Bay  
  148  9:27  Medivac x2  
  148  9:28  Siege Tank  
  148  9:29  Armory  
  155  9:33  Marine  
  155  9:34  Marine x7, Terran Infantry Weapons Level 1  
  163  9:51  Marine  
  163  9:52  Marine  
  165  9:59  Missile Turret  
  165  10:10  Missile Turret  
  165  10:11  Missile Turret x2  
  165  10:12  Missile Turret  
  165  10:14  Missile Turret  
  165  10:15  Missile Turret x2  
  165  10:16  Missile Turret  
  165  10:20  Missile Turret  
  165  10:29  Terran Infantry Armor Level 1  
  165  10:30  Terran Vehicle Weapons Level 1  
  165  10:40  Missile Turret  
  165  10:49  Marine x8, Medivac x2  
  177  11:03  Armory  
  177  11:06  Armory, Marine  
  177  11:07  Marine  
  179  11:11  Marine  
  179  11:12  Marine x5  
  179  11:17  Siege Tank  
  188  11:19  Medivac  
  188  11:22  Medivac  
  188  11:24  Marine  
  188  11:25  Marine  
  194  11:29  Marine  
  194  11:30  Marine x5  
  200  11:54  Terran Infantry Weapons Level 2  
  200  11:57  Terran Ship Weapons Level 1, Terran Vehicle And Ship Armor Level 1  
  200  12:38  Terran Infantry Armor Level 2  
  200  12:39  Terran Vehicle Weapons Level 2  
Show
View Real Time Build Order
Export as new Build Order

A.I. 1 (Hard) Terran 

Build Orders:  

Get SALT Encoding   

  12  0:00  SCV  
  13  0:13  SCV  
  14  0:18  Supply Depot  
  14  0:25  SCV  
  15  0:39  SCV  
  16  0:44  Barracks  
  16  0:50  Refinery  
  16  0:51  SCV  
  17  1:04  SCV  
  18  1:16  SCV  
  19  1:23  Supply Depot  
  19  1:28  SCV  
  20  1:32  Marine  
  21  1:42  Barracks, Orbital Command  
  21  1:50  Refinery  
  21  1:51  Barracks Tech Lab  
  21  2:07  Supply Depot  
  21  2:09  Marine  
  22  2:27  Marauder  
  22  2:29  Marine  
  25  2:41  Supply Depot  
  25  2:47  Marine  
  25  2:49  Marine  
  27  3:05  Marine  
  28  3:08  Marauder  
  30  3:16  Supply Depot  
  30  3:17  SCV  
  31  3:23  Marine  
  32  3:28  Marine  
  32  3:29  SCV  
  32  3:30  Engineering Bay  
  34  3:40  Marine  
  35  3:41  SCV  
  35  3:46  Marine  
  37  3:53  SCV  
  38  3:58  Marine  
  39  4:04  Marine  
  39  4:05  SCV  
  41  4:16  Marine  
  42  4:22  Marine  
  43  4:40  Marauder  
  45  5:02  Marauder  
  47  6:15  Barracks Tech Lab, Stimpack  
  47  6:16  Marauder, Terran Infantry Weapons Level 1  
  47  6:17  Factory  
  49  6:20  Factory  
  49  6:22  Command Center, Missile Turret  
  49  6:24  Ghost Academy  
  49  6:26  Missile Turret  
  49  6:28  Barracks  
  49  6:30  Supply Depot  
  49  6:32  Combat Shield  
  49  6:37  Marauder  
  51  6:47  Bunker  
  51  6:52  Marine  
  44  6:59  Marine  
  40  7:01  Factory Tech Lab  
  40  7:04  Starport  
  40  7:07  Factory Tech Lab, Starport  
  40  7:10  Marine  
  41  7:16  Marine  
  41  7:18  Marine  
  43  7:28  Marine  
  43  7:29  Sensor Tower  
  44  7:34  SCV, Marine  
  44  7:36  SCV  
  47  7:37  Marine  
  48  7:45  Refinery  
  48  7:46  Marine, SCV  
  48  7:48  SCV, Missile Turret  
  48  7:50  Starport Tech Lab x2, Missile Turret  
  51  7:51  Concussive Shells  
  51  7:52  Marine  
  51  7:57  Marine  
  53  7:58  SCV  
  53  8:00  SCV  
  53  8:03  Ghost  
  57  8:08  Raven  
  57  8:10  SCV, Raven, Terran Infantry Armor Level 1  
  57  8:11  Armory  
  57  8:12  SCV  
  63  8:21  Bunker, Barracks Reactor  
  63  8:23  SCV  
  63  8:25  SCV  
  65  8:35  SCV  
  65  8:37  SCV  
  67  8:47  SCV  
  68  8:49  SCV  
  68  8:53  Supply Depot  
  69  8:59  SCV  
  69  9:01  SCV  
  71  9:11  SCV  
  72  9:28  Refinery  
  72  9:50  SCV  
  72  9:52  SCV  
  74  10:26  Medivac  
  74  10:27  Marine, Medivac, Terran Infantry Weapons Level 2  
  74  10:28  Terran Vehicle Weapons Level 1  
  79  10:30  Supply Depot, Marine  
  79  10:34  Marine, Engineering Bay  
  81  10:37  Marine  
  81  10:38  Command Center, Fusion Core  
  82  10:44  Armory  
  82  10:52  Supply Depot  
  82  10:56  Raven  
  82  10:57  Medivac  
  86  10:59  Terran Infantry Armor Level 2  
  86  11:31  Terran Vehicle And Ship Armor Level 1  
  86  11:51  SCV  
  86  11:52  SCV  
  86  11:53  Missile Turret  
  86  11:54  SCV  
  89  12:03  SCV  
  89  12:04  SCV  
  89  12:06  SCV  
  89  12:07  Refinery, Missile Turret  
  92  12:11  Refinery  
  92  12:15  SCV  
  93  12:17  SCV  
  93  12:18  SCV  
  93  12:22  Terran Ship Weapons Level 1  
  95  12:27  SCV, Bunker  
  95  12:29  SCV  
  97  12:30  SCV  
  98  12:39  SCV  
  98  12:41  SCV  
  98  12:43  SCV  
  101  12:51  SCV  
  101  13:06  Marauder  
  101  13:09  Marine  
  101  13:12  Marine  
  75  13:14  Raven, Medivac  
  75  13:16  Marine  
  77  13:20  SCV, Hellion  
  77  13:22  Supply Depot  
  77  13:24  Hellion  
  77  13:27  Marine  
  77  13:28  SCV  
  77  13:31  Marine  
  77  13:32  Bunker  
  77  13:33  SCV  
  61  13:35  Marine  
  61  13:40  SCV  
  62  13:42  Sensor Tower  
  62  13:45  Starport Tech Lab, SCV, Hellion  
  62  13:46  Marine  
  54  13:50  Marine  
  54  13:52  SCV  
  54  13:53  Starport  
  54  13:54  Marine  
  42  13:57  SCV  
  42  13:58  Marine  
  42  13:59  Factory  
  36  14:04  SCV  
  41  14:10  Supply Depot  
  34  14:17  Supply Depot  
  26  14:35  Barracks  
  25  14:38  Viking, SCV  
  25  14:43  Hellion  
  28  14:50  SCV  
Tags
 
League
Silver
Matchup
TvT
Race
Terran
Spawn Locations
Cross Positions
Add a new tag
Caveats
  • Supply blocks, unpowered buildings, or Contaminate may cause inaccurate times.
  • Supply counts are checked every 10 seconds.